 Dungeon Sprint DCSS version 0.17-a0-1738-g82cdc46 (webtiles) character file.

284958 Kidiri the Imperceptible (level 13, 55/55 HPs)
             Began as a Spriggan Enchanter on Aug 30, 2015.
             Was the Champion of Dithmenos.
             Escaped with the Orb!
             The game lasted 00:41:25 (5639 turns).

Kidiri the Imperceptible (Spriggan Enchanter)       Turns: 5639, Time: 00:41:25

Health: 55/55      AC:  6    Str:  4    XL:     13   Next: 23%
Magic:  33/35      EV: 41    Int: 19    God:    Dithmenos [******]
Gold:   1577       SH:  0    Dex: 27    Spells: 11 memorised, 0 levels left

rFire  + . .     SeeInvis +     n - +2 short sword (venom)
rCold  + . .     Clarity  .     b - +1 robe
rNeg   . . .     SustAt   .     (shield restricted)
rPois  .         Gourm    .     (helmet restricted)
rElec  +         Spirit   .     t - +2 cloak
rCorr  .         Warding  .     (gloves unavailable)
rMut   .         NoTele   +     (boots unavailable)
MR     ++...                    (no amulet)
Stlth  ++++++....               q - ring of Erior {rElec Dex+4 Stlth-}
                                p - ring of Yphapo {*Confuse rF+ rC+ Dex+4}

@: very slightly contaminated, wreathed by umbra, very quick, very resistant to
hostile enchantments, very stealthy
A: unfitting armour, see invisible, herbivore 3, speed 3, slow metabolism 2
a: Shadow Step, Shadow Form, Renounce Religion
0: Orb of Zot


You escaped.
You worshipped Dithmenos.
Dithmenos was exalted by your worship.
You were not hungry.

You visited 1 branch You collected 4351 gold pieces.
You spent 2774 gold pieces at shops.

Inventory:

Hand weapons
 n - a +2 short sword of venom (weapon)
Missiles
 v - a throwing net (quivered)
Armour
 b - a +1 robe (worn)
 t - a +2 cloak (worn)
Jewellery
 p - the ring of Yphapo (left hand) {*Confuse rF+ rC+ Dex+4}
   (You bought it in a shop in the Dungeon)

   [ring of protection from fire]

   It affects your dexterity (+4).
   It protects you from fire.
   It protects you from cold.
   It may confuse you when you take damage.
 q - the ring of Erior (right hand) {rElec Dex+4 Stlth-}
   (You bought it in a shop in the Dungeon)

   [ring of loudness]

   It affects your dexterity (+4).
   It insulates you from electricity.
   It makes you less stealthy.
Magical devices
 d - a wand of cold (6)
 l - a wand of digging (8)
Scrolls
 c - a scroll of amnesia
 k - 3 scrolls of remove curse
 m - a scroll of identify
 x - a scroll of summoning
 y - a scroll of fog
Potions
 a - a potion of invisibility
 e - 2 potions of curing
 g - a potion of haste
 h - a potion of magic
 i - a potion of berserk rage
 o - a potion of lignification
 s - a potion of cure mutation
Books
 f - a book of Party Tricks

   Spells                             Type                      Level
   a - Summon Butterflies             Summoning                    1
   b - Apportation                    Translocation                1
   c - Tukima's Dance                 Hexes                        3
   d - Alistair's Intoxication        Transmutation/Poison         4
   e - Invisibility                   Hexes                        6
 r - a Young Poisoner's Handbook

   Spells                             Type                      Level
   a - Sting                          Conjuration/Poison           1
   b - Cure Poison                    Poison                       2
   c - Mephitic Cloud                 Conjuration/Poison/Air       3
   d - Olgreb's Toxic Radiance        Poison                       4
   e - Venom Bolt                     Conjuration/Poison           5
 u - a book of Minor Magic

   Spells                             Type                      Level
   a - Magic Dart                     Conjuration                  1
   b - Blink                          Translocation                2
   c - Call Imp                       Summoning                    2
   d - Repel Missiles                 Charms/Air                   2
   e - Slow                           Hexes                        2
   f - Conjure Flame                  Conjuration/Fire             3
   g - Mephitic Cloud                 Conjuration/Poison/Air       3
 w - the Handbook of Beguiling
   (You found it in the Dungeon)

   Spells                             Type                      Level
   a - Corona                         Hexes                        1
   b - Confuse                        Hexes                        3
   c - Tukima's Dance                 Hexes                        3
   d - Discord                        Hexes                        8


   Skills:
 + Level 11.8 Short Blades
 * Level 20.1 Dodging
 * Level 21.8 Stealth
 * Level 17.4 Spellcasting
 + Level 9.1 Conjurations
 + Level 13.6 Hexes
 + Level 0.0 Translocations
 + Level 9.2 Ice Magic
 + Level 4.1 Air Magic
 + Level 4.1 Earth Magic
 + Level 4.5 Poison Magic
 - Level 7.5 Invocations


You couldn't memorise any spells.
You knew the following spells:

 Your Spells              Type           Power        Failure   Level  Hunger
a - Corona                Hex            ######.      0%          1    None
b - Ensorcelled Hibernat  Hex/Ice        ######       1%          2    None
c - Confuse               Hex            ######..     1%          3    None
d - Tukima's Dance        Hex            ######..     1%          3    None
e - Dazzling Spray        Conj/Hex       ######..     1%          3    None
f - Poison Arrow          Conj/Pois      #####.....   34%         6    #####..
g - Chain Lightning       Conj/Air       #####.....   100%        8    #######
h - Lehudib's Crystal Sp  Conj/Erth      #####.....   100%        8    #######
i - Glaciate              Conj/Ice       ######....   100%        9    #######
j - Apportation           Tloc           ###.......   4%          1    None
k - Blink                 Tloc           N/A          8%          2    None


Dungeon Overview and Level Annotations

Branches:
Dungeon (1/1)

Altars:
Cheibriados
Dithmenos
Elyvilon
Fedhas
Gozag
Kikubaaqudgha
Makhleb
Nemelex Xobeh
Okawaru
Qazlal
Ru
Sif Muna
Trog
Vehumet
Xom
Yredelemnul
Zin
The Shining One
Jiyva

Shops:
D !:*??[[[}!}?}=!}*}[[=:

Annotations:
D Lernaean hydra, Lom Lobon, Norris, Tiamat


Innate Abilities, Weirdness & Mutations

You are tiny and cannot use many weapons and most armour.
You have supernaturally acute eyesight.
You are a herbivore.
You cover ground extremely quickly.
You need consume almost no food.


Message History

There is an open door here.
There is an open door here.
There is an open door here.
You close the door.
Casting: Blink
Confirm with . or Enter, or press ? or * to list all spells.
You blink.
A rust devil comes into view.
The rust devil completely misses you.
There is an open door here.
Things that are here:
a scythe; a robe There's a creature in the doorway!
There is an open door here.
There is an open door, spattered with blood here.
You close the door.
Casting: Blink
Confirm with . or Enter, or press ? or * to list all spells.
You blink.
You have escaped!

##################
#@.#..+..#.)'..#__
#..').#..4..#..'..
#..#####'#####+#__
#..####:.#...#.###
#..#__####..##.#§§
#.)#_..__##+#..+§≈
#⌠⌠#_.∩...+..._#§§
##.#_..._##_.#+##+
#..#_____###+#(#.[


There were no monsters in sight!

Vanquished Creatures
  A golden dragon (D)
  A deep elf master archer (D)
  A shadow dragon (D)
  4 fire giants (D)
  A lorocyproca (D)
  A deep elf annihilator (D)
  A mummy priest (D)
  A hydra (D)
  2 centaur warriors (D)
  Sonja (D)
  A deep troll (D)
  A lindwurm (D)
  7 unseen horrors (D)
  8 shining eyes (D)
  2 oklob plants (D)
  A siren (D)
  A gargoyle (D)
  2 kobold demonologists (D)
  A hellwing (D)
  4 demonic crawlers (D)
  A slime creature (D)
  Sigmund (D)
  13 hogs (D)
  A yak (D)
  4 trapdoor spiders (D)
  An ogre (D)
  2 wasps (D)
  7 necrophages (D)
  8 jellies (D)
  Ijyb (D)
  7 giant eyeballs (D)
  A ballistomycete (D)
89 creatures vanquished.

Vanquished Creatures (others)
  A siren (D)
  A gargoyle (D)
  3 wasps (D)
  2 giant spores (D)
7 creatures vanquished.

Grand Total: 96 creatures vanquished

Notes
Turn   | Place    | Note
--------------------------------------------------------------
     0 | D        | Kidiri the Spriggan Enchanter began the quest for the Orb.
     0 | D        | Reached XP level 1. HP: 9/9 MP: 5/5
     2 | D        | Noticed Ijyb
    14 | D        | Killed Ijyb
    14 | D        | Reached skill level 7 in Stealth
    14 | D        | Reached skill level 5 in Hexes
    14 | D        | Reached XP level 2. HP: 8/13 MP: 4/7
    18 | D        | Learned a level 2 spell: Ensorcelled Hibernation
   139 | D        | Noticed an ogre
   157 | D        | Killed an ogre
   157 | D        | Reached skill level 8 in Stealth
   157 | D        | Reached skill level 5 in Spellcasting
   157 | D        | Reached skill level 1 in Ice Magic
   157 | D        | Reached XP level 3. HP: 16/16 MP: 1/11
   157 | D        | Reached XP level 4. HP: 21/21 MP: 1/12
   162 | D        | Learned a level 3 spell: Confuse
   166 | D        | Learned a level 3 spell: Tukima's Dance
   170 | D        | Learned a level 3 spell: Dazzling Spray
   252 | D        | Noticed Sigmund
   254 | D        | Killed Sigmund
   254 | D        | Reached skill level 10 in Stealth
   254 | D        | Reached skill level 1 in Conjurations
   254 | D        | Reached XP level 5. HP: 24/24 MP: 12/15
   254 | D        | Reached XP level 6. HP: 28/28 MP: 13/17
   292 | D        | Found a snail-covered altar of Cheibriados.
   292 | D        | Found a viscous altar of Jiyva.
   292 | D        | Found a shadowy altar of Dithmenos.
   292 | D        | Found a blossoming altar of Fedhas.
   292 | D        | Noticed a slime creature
   296 | D        | Killed a slime creature
   296 | D        | Reached skill level 11 in Stealth
   298 | D        | Became a worshipper of Dithmenos the Shadowed
   365 | D        | Found a deep blue altar of Sif Muna.
   366 | D        | Noticed a jelly
   367 | D        | Found a radiant altar of Vehumet.
   371 | D        | Killed a jelly
   440 | D        | Found Akoydes's Magic Scroll Emporium.
   440 | D        | Found a white marble altar of Elyvilon.
   440 | D        | Found a stormy altar of Qazlal.
   440 | D        | Found a burning altar of Makhleb.
   440 | D        | Found a sacrificial altar of Ru.
   440 | D        | Found a basalt altar of Yredelemnul.
   440 | D        | Found a glowing golden altar of the Shining One.
   440 | D        | Found a sparkling altar of Nemelex Xobeh.
   440 | D        | Found a shimmering altar of Xom.
   440 | D        | Found an opulent altar of Gozag.
   440 | D        | Found an ancient bone altar of Kikubaaqudgha.
   440 | D        | Found a glowing silver altar of Zin.
   440 | D        | Noticed a yak
   441 | D        | Found an iron altar of Okawaru.
   442 | D        | Killed a yak
   442 | D        | Reached skill level 5 in Short Blades
   442 | D        | Reached skill level 10 in Dodging
   442 | D        | Reached skill level 12 in Stealth
   442 | D        | Reached skill level 1 in Invocations
   442 | D        | Reached XP level 7. HP: 32/32 MP: 20/20
   443 | D        | Found a bloodstained altar of Trog.
   447 | D        | Bought a scroll of magic mapping for 35 gold pieces
   447 | D        | Bought a scroll of identify for 20 gold pieces
   449 | D        | Bought a scroll of identify for 20 gold pieces
   458 | D        | Noticed Sonja
   463 | D        | Killed Sonja
   463 | D        | Reached skill level 13 in Stealth
   463 | D        | Reached skill level 10 in Spellcasting
   463 | D        | Reached XP level 8. HP: 36/36 MP: 19/23
   484 | D        | Found Fifageaj's Distillery.
   505 | D        | Noticed a deep troll
   511 | D        | Killed a deep troll
   511 | D        | Reached skill level 14 in Stealth
   521 | D        | Found Kefeik's Armour Emporium.
   571 | D        | Bought a scroll of identify for 20 gold pieces
   572 | D        | Bought a scroll of enchant weapon for 75 gold pieces
   572 | D        | Bought a scroll of identify for 20 gold pieces
   572 | D        | Bought a scroll of identify for 20 gold pieces
   572 | D        | Bought a scroll of enchant weapon for 75 gold pieces
   665 | D        | Noticed a centaur warrior
   665 | D        | Noticed a centaur warrior
   675 | D        | Killed a centaur warrior
   675 | D        | Reached skill level 5 in Ice Magic
   675 | D        | Reached XP level 9. HP: 29/39 MP: 19/25
   677 | D        | Killed a centaur warrior
   677 | D        | Acquired Dithmenos's first power
   677 | D        | Reached skill level 15 in Stealth
   677 | D        | Reached skill level 5 in Invocations
   709 | D        | Noticed a wasp
   712 | D        | Killed a wasp
   725 | D        | Noticed an oklob plant
   727 | D        | Killed an oklob plant
   767 | D        | Noticed a trapdoor spider
   767 | D        | Noticed a trapdoor spider
   770 | D        | Killed a trapdoor spider
   770 | D        | Reached skill level 10 in Hexes
   772 | D        | Killed a wasp
   860 | D        | Noticed a trapdoor spider
   860 | D        | Noticed a trapdoor spider
   866 | D        | Killed a trapdoor spider
   868 | D        | Killed a trapdoor spider
   868 | D        | Acquired Dithmenos's second power
   868 | D        | Reached XP level 10. HP: 44/44 MP: 14/27
   876 | D        | Killed a trapdoor spider
   876 | D        | Reached skill level 16 in Stealth
   876 | D        | Reached skill level 5 in Conjurations
   976 | D        | Noticed a jelly
   976 | D        | Noticed a jelly
   985 | D        | Noticed an unseen horror
   986 | D        | Noticed an unseen horror
   992 | D        | Killed an unseen horror
   994 | D        | Killed an unseen horror
  1108 | D        | Noticed a jelly
  1108 | D        | Noticed a jelly
  1108 | D        | Noticed a jelly
  1108 | D        | Noticed a jelly
  1108 | D        | Noticed a jelly
  1110 | D        | Killed a jelly
  1110 | D        | Acquired Dithmenos's third power
  1111 | D        | Killed a jelly
  1114 | D        | Noticed a necrophage
  1114 | D        | Noticed a necrophage
  1123 | D        | Killed a jelly
  1127 | D        | Killed a jelly
  1128 | D        | Killed a necrophage
  1131 | D        | Killed a jelly
  1131 | D        | Acquired Dithmenos's fourth power
  1131 | D        | Reached skill level 15 in Dodging
  1140 | D        | Killed a jelly
  1212 | D        | Killed a wasp
  1237 | D        | Killed a jelly
  1246 | D        | Noticed a necrophage
  1246 | D        | Noticed a necrophage
  1246 | D        | Noticed a necrophage
  1246 | D        | Noticed a necrophage
  1246 | D        | Noticed a necrophage
  1248 | D        | Killed a necrophage
  1249 | D        | Killed a necrophage
  1250 | D        | Killed a necrophage
  1256 | D        | Killed a necrophage
  1265 | D        | Killed a necrophage
  1267 | D        | Killed a necrophage
  1286 | D        | Found Tipp's Antique Armour Shoppe.
  1286 | D        | Found Hezufay's Antique Armour Shop.
  1286 | D        | Found Isirch's Gadget Boutique.
  1288 | D        | Found Gaaxoir's Distillery.
  1288 | D        | Found Luinuigude's Gadget Shop.
  1288 | D        | Found Icapousch's Magic Scroll Shoppe.
  1288 | D        | Found Fifuyk's Gadget Boutique.
  1288 | D        | Found Ovuvy's Jewellery Emporium.
  1288 | D        | Found Zoeda's Distillery.
  1288 | D        | Found Ciock's Gadget Shoppe.
  1290 | D        | Bought a runed cloak for 103 gold pieces
  1297 | D        | Found Xamaupacs's General Store.
  1298 | D        | Found Yfae's Armour Emporium.
  1298 | D        | Found Dofozu's Gadget Boutique.
  1299 | D        | Found Doygup's Jewellery Emporium.
  1382 | D        | Killed a gargoyle
  1589 | D        | HP: 1/42 [something (18)]
  1925 | D        | Noticed a kobold demonologist
  1926 | D        | Noticed a kobold demonologist
  1928 | D        | Killed a kobold demonologist
  1930 | D        | Killed a kobold demonologist
  1930 | D        | Reached skill level 17 in Stealth
  1949 | D        | Noticed a demonic crawler
  1949 | D        | Noticed a demonic crawler
  1949 | D        | Noticed a demonic crawler
  1949 | D        | Noticed a demonic crawler
  1951 | D        | Killed a demonic crawler
  1952 | D        | Killed a demonic crawler
  1954 | D        | Killed a demonic crawler
  1955 | D        | Killed a demonic crawler
  1979 | D        | Noticed a lindwurm
  1981 | D        | Killed a lindwurm
  1981 | D        | Reached XP level 11. HP: 45/45 MP: 29/29
  1987 | D        | Noticed a hog
  1987 | D        | Noticed a hog
  1987 | D        | Noticed a hog
  1987 | D        | Noticed a hog
  1987 | D        | Noticed a hog
  1989 | D        | Noticed a hog
  1989 | D        | Noticed a hog
  1989 | D        | Killed a hog
  1990 | D        | Killed a hog
  1995 | D        | Killed a hog
  1997 | D        | Killed a hog
  1998 | D        | Noticed a hog
  1998 | D        | Noticed a hog
  1998 | D        | Noticed a hog
  1999 | D        | Killed a hog
  2000 | D        | Noticed a hog
  2007 | D        | Killed a hog
  2008 | D        | Noticed a hog
  2009 | D        | Killed a hog
  2010 | D        | Noticed a hog
  2011 | D        | Killed a hog
  2011 | D        | Reached skill level 18 in Stealth
  2012 | D        | Killed a hog
  2013 | D        | Killed a hog
  2015 | D        | Killed a hog
  2016 | D        | Killed a hog
  2018 | D        | Killed a hog
  2051 | D        | Noticed a 12-headed hydra
  2053 | D        | Killed a 12-headed hydra
  2065 | D        | Noticed a siren
  2065 | D        | Noticed a deep elf annihilator
  2395 | D        | Bought a potion of invisibility for 112 gold pieces
  2408 | D        | Bought the ring of Yphapo {*Confuse rF+ rC+ Dex+4} for 418 gold pieces
  2414 | D        | Bought the ring of Erior {rElec Dex+4 Stlth-} for 358 gold pieces
  2640 | D        | Noticed a shining eye
  2640 | D        | Noticed a shining eye
  2640 | D        | Noticed a shining eye
  2641 | D        | Noticed a shining eye
  2641 | D        | Noticed a shining eye
  2641 | D        | Noticed a shining eye
  2641 | D        | Noticed a shining eye
  2641 | D        | Noticed a shining eye
  2642 | D        | Killed a shining eye
  2645 | D        | Killed a shining eye
  2649 | D        | Killed a shining eye
  2651 | D        | Killed a shining eye
  2653 | D        | Killed a shining eye
  2653 | D        | Reached skill level 19 in Stealth
  2657 | D        | Killed a shining eye
  2657 | D        | Reached skill level 10 in Short Blades
  2657 | D        | Reached skill level 15 in Spellcasting
  2659 | D        | Killed a shining eye
  2660 | D        | Killed a shining eye
  2666 | D        | Found Lyokhaerch's Magic Scroll Shop.
  2666 | D        | Found Iludoodgh's Book Shoppe.
  2666 | D        | Found Attior's Antique Armour Boutique.
  2666 | D        | Found Nunihoap's General Store.
  2797 | D        | Noticed a shadow dragon
  2797 | D        | Noticed a golden dragon
  2798 | D        | Killed a shadow dragon
  2799 | D        | Killed a golden dragon
  2799 | D        | Reached skill level 20 in Stealth
  2799 | D        | Reached XP level 12. HP: 49/49 MP: 27/33
  2801 | D        | Identified the Volume of Necromancy and Bewitchment
  2821 | D        | Identified the Handbook of Beguiling
  2865 | D        | Found Osiyps's Book Shoppe.
  2963 | D        | Bought a book of Annihilations for 1214 gold pieces
  2974 | D        | Learned a level 6 spell: Poison Arrow
  2983 | D        | Learned a level 8 spell: Chain Lightning
  2992 | D        | Learned a level 8 spell: Lehudib's Crystal Spear
  3002 | D        | Learned a level 9 spell: Glaciate
  3065 | D        | Noticed a gargoyle
  3096 | D        | Killed a gargoyle
  3221 | D        | Noticed a lorocyproca
  3222 | D        | Noticed Norris
  3245 | D        | Killed a lorocyproca
  3245 | D        | Reached skill level 1 in Air Magic
  3245 | D        | Reached skill level 1 in Earth Magic
  3245 | D        | Reached skill level 1 in Poison Magic
  3876 | D        | Noticed a daeva
  3879 | D        | Noticed an unseen horror
  3879 | D        | Noticed an unseen horror
  3879 | D        | Noticed an unseen horror
  3880 | D        | Noticed an unseen horror
  3882 | D        | Killed an unseen horror
  3883 | D        | Noticed an unseen horror
  3884 | D        | Killed an unseen horror
  3885 | D        | Killed an unseen horror
  3887 | D        | Killed an unseen horror
  3889 | D        | Killed an unseen horror
  3993 | D        | Noticed a fire giant
  3994 | D        | Noticed a fire giant
  3994 | D        | Noticed a fire giant
  3994 | D        | Noticed a fire giant
  3995 | D        | Killed a fire giant
  4027 | D        | Killed a fire giant
  4027 | D        | Reached skill level 21 in Stealth
  4029 | D        | Killed a fire giant
  4186 | D        | Killed a fire giant
  4236 | D        | Noticed Tiamat
  4451 | D        | Noticed a hellwing
  4452 | D        | Noticed an oklob plant
  4452 | D        | Noticed a mummy priest
  4452 | D        | Noticed a siren
  4453 | D        | Killed a hellwing
  4453 | D        | Reached XP level 13. HP: 55/55 MP: 30/35
  4454 | D        | Killed a deep elf annihilator
  4469 | D        | Noticed a wasp
  4469 | D        | Noticed a wasp
  4470 | D        | Killed a siren
  4487 | D        | Killed a wasp
  4504 | D        | Killed a wasp
  4516 | D        | Killed a siren
  4612 | D        | Killed an oklob plant
  4788 | D        | Killed a mummy priest
  5042 | D        | Noticed the 27-headed Lernaean hydra
  5075 | D        | Noticed a deep elf master archer
  5082 | D        | Killed a deep elf master archer
  5098 | D        | Learned a level 1 spell: Apportation
  5099 | D        | Noticed Lom Lobon
  5271 | D        | Bought a book of Minor Magic for 240 gold pieces
  5274 | D        | Learned a level 2 spell: Blink
  5365 | D        | Bought a scroll of fog for 22 gold pieces
  5365 | D        | Bought a scroll of fog for 22 gold pieces
  5577 | D        | Got the Orb of Zot
  5639 | D        | Escaped with the Orb!

Vault maps used:
D:        dungeon_sprint_1

Action                   |  1- 3 |  4- 6 |  7- 9 | 10-12 | 13-15 || total
-------------------------+-------+-------+-------+-------+-------++-------
Melee: Dagger            |    12 |     4 |     2 |       |       ||    18
       Short sword       |       |       |     9 |    95 |     4 ||   108
Throw: Throwing net      |       |       |       |     1 |       ||     1
 Cast: Corona            |     2 |       |       |       |       ||     2
       Ensorcelled Hiber |     3 |       |     9 |    15 |     3 ||    30
       Dazzling Spray    |       |     1 |     3 |    18 |    10 ||    32
       Confuse           |       |       |       |     7 |     1 ||     8
       Tukima's Dance    |       |       |       |     2 |       ||     2
       Blink             |       |       |       |       |     5 ||     5
       Apportation       |       |       |       |       |     4 ||     4
Invok: Shadow Step       |       |       |       |    12 |     1 ||    13
Evoke: Wand              |       |       |     1 |     1 |     1 ||     3
  Use: Scroll            |       |       |     6 |     6 |     2 ||    14
       Potion            |       |       |       |     4 |       ||     4
 Stab: Sleeping          |     2 |     4 |     8 |    56 |     4 ||    74
       Invisible         |       |       |     2 |       |       ||     2
       Confused          |       |       |       |     7 |       ||     7
       Distracted        |       |       |       |     1 |       ||     1
  Eat: Bread ration      |       |       |       |     1 |       ||     1
